 Dungeon Crawl Stone Soup version 0.27-a0-1184-ge86db4a01e (webtiles) character file.

Game seed: 3039624456160816234

394 rjrrt the Chopper (level 6, -1/47 HPs)
             Began as a Demonspawn Berserker on May 18, 2021.
             Was a Priest of Trog.
             Slain by a scorpion (6 damage)
             ... in an ossuary.
             The game lasted 00:07:51 (3904 turns).

rjrrt the Chopper (Demonspawn Berserker)            Turns: 3904, Time: 00:07:52

Health: -1/47      AC: 10    Str: 16 (19) XL:     6   Next: 51%
Magic:  6/6        EV:  7    Int:  7 (8)  God:    Trog [***...]
Gold:   116        SH:  0    Dex: 12 (13) Spells: 5/5 levels left

rFire    + . .     SeeInvis .   a - +1 hand axe
rCold    . . .     Faith    .   (no shield)
rNeg     . . .     Spirit   .   e - +0 chain mail
rPois    .         Reflect  .   (helmet restricted)
rElec    .         Harm     .   m - +1 cloak
rCorr    .         Rampage  .   (no gloves)
Will     ++...                  (no boots)
Stlth    ..........             (no amulet)
HPRegen  1.15/turn              j - ring of protection from fire
MPRegen  0.10/turn              (no ring)

@: mighty, brilliant, lethally poisoned (-1 -> -2), strong-willed, on berserk
cooldown, flying, regenerating, hasted and slowed
A: antennae 2
a: Renounce Religion, Berserk, Trog's Hand


You were in an ossuary.
You worshipped Trog.
Trog was most pleased with you.
You visited 1 branch of the dungeon, and saw 4 of its levels.
You also visited: Sewer and Ossuary.

You collected 116 gold pieces.

Inventory:

Hand Weapons
 a - a +1 hand axe (weapon)
 h - a +0 spear
Missiles
 l - 18 poisoned darts (quivered)
Armour
 e - a +0 chain mail (worn)
 m - a +1 cloak (worn)
Jewellery
 j - a ring of protection from fire (left hand)
Wands
 f - a wand of flame (14)
Scrolls
 n - a scroll of fog
Potions
 c - 2 potions of magic
 g - 2 potions of brilliance
 k - 2 potions of might


   Skills:
 - Level 3.0 Fighting
 + Level 6.8 Axes
 - Level 1.7 Armour
 - Level 1.7 Dodging


You had 5 spell levels left.
You didn't know any spells.
Your spell library was empty.

Dungeon Overview and Level Annotations

Branches:
Dungeon (4/15)              Sewer (visited)         Ossuary (1/1)
 Temple: D:4-7

Altars:
Elyvilon


Innate Abilities, Weirdness & Mutations

You have a pair of antennae on your head.


Message History

You feel a strong urge to attack something.
You feel sick.
You are no longer berserk.
You are exhausted.
You feel yourself slow down.
You feel sick.
There is an open door here.
You see here a scorpion corpse.
Unknown command.
Your skin crawls.
You feel strong-willed.
You feel sick.
Unknown command.
It was a potion of brilliance.
You feel clever all of a sudden.
You feel sick.
You are no longer poisoned.
The scorpion barely misses you.
Unknown command.
It was a potion of might.
You feel very mighty all of a sudden. The scorpion stings you.
* * * LOW HITPOINT WARNING * * *
You are poisoned.
The scorpion poisons you! The scorpion stings you.
* * * LOW HITPOINT WARNING * * *
Unknown command.
It was a potion of haste.
You feel yourself speed up.
* * * LOW HITPOINT WARNING * * *
You feel very sick.
The scorpion stings you but does no damage. x2
Unknown command.
It was a potion of flight.
You feel very buoyant.
You fly up into the air.
You feel sick.
The scorpion stings you but does no damage.
It was a potion of degeneration.
There was something very wrong with that liquid.
You feel weakened.
You feel dopey.
You feel clumsy.
You feel sick. The scorpion stings you.
You die...

######### #...#...# {
{ +...8...# {
.......#
##############8...8##
#...#...#...#.......#
#.∩.'...8...#...8...#
#...#.......#.s.#...#
##'###8...8###@######
#...#.......#^^^#M?.#
#.∩.#...8...'^^^#!.!+
#...#...#...#^^^#!!.#
#####################


You could see a mummy and a scorpion.

Vanquished Creatures
  A kobold brigand (Sewer)
  A scorpion (Ossuary)
  A centaur zombie (Ossuary)
  Crazy Yiuf (D:2)
  Jessica (D:2)
  A scorpion zombie (Ossuary)
  Robin (D:2)
  2 adders
  2 river rats
  2 dart slugs
  3 worms
  8 ball pythons
  5 bats
  10 endoplasms
  5 giant cockroaches
  A gnoll zombie (Ossuary)
  17 goblins
  3 hobgoblins (D:2)
  5 jackals
  6 quokkas
  3 frilled lizards (D:1)
  A goblin zombie (Ossuary)
  5 kobolds
  A kobold zombie (Ossuary)
  11 rats
97 creatures vanquished.

Notes
Turn   | Place    | Note
-------+----------+-------------------------------------------
     0 | D:1      | rjrrt the Demonspawn Berserker began the quest for the Orb.
     0 | D:1      | Reached XP level 1. HP: 18/18 MP: 1/1
   289 | D:1      | Reached skill level 3 in Axes
   376 | D:1      | Gained mutation: You have a pair of small antennae on your
                  | head. [demonic ancestry]
   376 | D:1      | Reached XP level 2. HP: 16/24 MP: 2/2
   928 | D:2      | Reached XP level 3. HP: 17/29 MP: 3/3
  1073 | D:2      | Noticed Jessica
  1080 | D:2      | Killed Jessica
  1081 | D:2      | Reached skill level 4 in Axes
  1133 | D:2      | Reached ** piety under Trog
  1280 | D:2      | Gained mutation: You have a pair of antennae on your head.
                  | [demonic ancestry]
  1280 | D:2      | Reached XP level 4. HP: 33/35 MP: 4/4
  1319 | D:2      | Noticed Robin
  1355 | D:2      | Killed Robin
  1745 | D:2      | Reached skill level 5 in Axes
  1955 | D:2      | Found a runed translucent door.
  1956 | D:2      | Noticed Crazy Yiuf
  1964 | D:2      | Killed Crazy Yiuf
  1965 | D:2      | Reached XP level 5. HP: 41/41 MP: 5/5
  2284 | D:3      | Found a faded altar of an unknown god.
  2324 | D:3      | Found a glowing drain.
  2369 | D:3      | Reached *** piety under Trog
  2505 | Sewer    | Entered a sewer
  2875 | Sewer    | Reached skill level 6 in Axes
  2875 | Sewer    | Reached XP level 6. HP: 14/47 MP: 6/6
  3650 | D:4      | Found a sand-covered staircase.
  3663 | Ossuary  | Entered an ossuary
  3904 | Ossuary  | Slain by a scorpion

Illustrated notes

Levels and vault maps discovered:
D:1:      lemuel_arrival_river_ford, layout_basic, item_on_display_b
D:2:      layout_loops_ring, uniq_robin, uniq_jessica, uniq_crazy_yiuf_cottage
D:3:      layout_rooms, elyvilon_altar_3, portal_sewer_entry_a,
          ebering_ecumenical_altar_abandoned
D:4:      minmay_general_purpose_star, layout_basic, grunt_gozag_statues,
          pf_just_have_faith, nicolae_ossuary_entry_ruins
Ossuary:  ossuary_minmay_scorpions

Skill      XL: |  1  2  3  4  5 |
---------------+----------------+-----
Axes           | 3 4 5 6 |  6.8
Fighting       | |  3.0
Armour         | |  1.7
Dodging        | |  1.7

Action                   |  1- 3 |  4- 6 || total
-------------------------+-------+-------++-------
Melee: Hand axe          |   100 |   236 ||   336
Invok: Berserk           |     2 |     4 ||     6
       Trog's Hand       |       |     1 ||     1
  Use: Scroll            |       |     8 ||     8
       Potion            |       |     5 ||     5
Armor: Leather armour    |    15 |       ||    15
       Chain mail        |    34 |   122 ||   156
Dodge: Dodged            |    61 |    60 ||   121

Table legend: (Time is in decaauts)
 A = Elapsed time spent in this place.
 B = Non-inter-level travel time spent in this place.
 C = Inter-level travel time spent in this place.
 D = Time resting spent in this place.
 E = Time spent auto-exploring this place.
 F = Levels seen in this place.
 G = Mean time per level.
                   A        B        C        D        E       F      G
               +--------+--------+--------+--------+--------+-----+--------+
         Total |   4048 |   3980 |     68 |   1163 |   1697 |   6 |  674.7 |
       Dungeon |   2970 |   2902 |     68 |    703 |   1526 |   4 |  742.5 |
         Sewer |    838 |    838 |      0 |    321 |    171 |   1 |  838.0 |
       Ossuary |    239 |    239 |      0 |    138 |      0 |   1 |  239.0 |
               +--------+--------+--------+--------+--------+-----+--------+

Top non-repeatable levels by time:
     D:2: 1280 daAuts
     D:1: 1043 daAuts
   Sewer: 838 daAuts
     D:3: 625 daAuts
 Ossuary: 239 daAuts
     D:4: 21 daAuts
